AoeStats
← rateezy

Black Forest

509305239Analyzed
4v4 RM · 5d ago on Sep 26, 2026· 42m 0s· 8 players
Game mode
Random Map
Map size
Large (8 player)
Population
200
Speed
Normal
Resources
Standard
Victory
Conquest
Starting age
Dark Age
Ending age
Imperial Age
RankedLock teamsTeams togetherTeam positionsShared explorationLock speedFull tech treeHidden civsTurbo modeCheats
Victory
Defeat
🇹🇼 Celts · Taiwan
1434
+11
🇨🇳 Persians · China
1390
+13
🇨🇳 Mongols · China
1379
+13
🇮🇳 Mongols · India
1333
+15
🇻🇳 Dravidians · Vietnam
1500
-19
🇻🇳 Khmer · Vietnam
1348
-14
🇻🇳 Slavs · Vietnam
1306
-13
🇻🇳 Britons · Vietnam
1127
-6
rateezy
0:32 Loom
11:26 Feudal Age
11:59 Feudal Age
13:29 Town Watch
15:51 Castle Age
13:55 Double-Bit Axe
14:22 Horse Collar
15:25 Town Watch
16:50 Bow Saw
20:10 Gold Mining
20:59 Fletching
22:33 Bodkin Arrow
29:15 Wheelbarrow
29:13 Heavy Plow
29:23 Stone Mining
30:56 Hand Cart
33:37 Imperial Age
32:10 Padded Archer Armor
33:07 Gold Shaft Mining
34:21 Thumb Ring
34:35 Leather Archer Armor
33:48 Heavy Cavalry Archer
35:57 Chemistry
35:59 Parthian Tactics
36:20 Bracer
36:52 Ballistics
37:47 Bloodlines
37:38 Husbandry
39:21 Conscription
H
10:26 Feudal Age
14:38 Castle Age
12:39 Double-Bit Axe
13:54 Horse Collar
15:25 Bow Saw
22:31 Wheelbarrow
23:05 Gold Mining
23:58 Heavy Plow
25:02 Hand Cart
25:38 Stone Mining
26:31 Loom
29:23 Imperial Age
27:37 Husbandry
27:49 Bloodlines
27:46 Scale Barding Armor
29:00 Chain Barding Armor
29:07 Kamandaran
30:00 Stone Shaft Mining
30:38 Conscription
29:46 Capped Ram
31:26 Plate Barding Armor
32:18 Forging
33:37 Iron Casting
34:08 Siege Ram
36:13 Chemistry
34:52 Elite War Elephant
37:48 Blast Furnace
36:59 Heavy Scorpion
38:39 Masonry
39:07 Citadels
39:34 Hoardings
39:42 Ballistics
39:52 Architecture
JINJIN
4:50 Loom
10:35 Feudal Age
12:10 Double-Bit Axe
12:15 Gold Mining
14:40 Castle Age
12:25 Horse Collar
15:38 Bow Saw
18:15 Ballistics
23:52 Stone Mining
24:46 Wheelbarrow
24:12 Heavy Plow
35:28 Imperial Age
33:53 Gold Shaft Mining
35:32 Onager
37:00 Hand Cart
37:44 Furor Celtica
39:01 Capped Ram
40:38 Siege Ram
300P 4V4
1:51 Loom
12:16 Feudal Age
13:32 Double-Bit Axe
16:17 Castle Age
15:58 Wheelbarrow
15:09 Horse Collar
17:13 Bow Saw
22:38 Heavy Plow
23:00 Stone Mining
24:35 Gold Mining
26:07 Hand Cart
26:35 Gold Shaft Mining
27:16 Stone Shaft Mining
30:16 Imperial Age
28:35 Fletching
29:49 Caravan
30:32 Ballistics
31:06 Bloodlines
30:19 Elite Mangudai
31:20 Conscription
31:17 Nomads
31:36 Thumb Ring
31:36 Bodkin Arrow
31:42 Padded Archer Armor
32:58 Chemistry
33:00 Masonry
33:58 Parthian Tactics
32:54 Heavy Cavalry Archer
33:55 Bracer
33:56 Padded Archer Armor
34:33 Light Cavalry
35:14 Husbandry
35:32 Leather Archer Armor
35:23 Scale Barding Armor
35:28 Forging
35:35 Capped Ram
35:40 Hussar
37:35 Chain Barding Armor
37:28 Forging
40:00 Iron Casting
Duck Baby
0:40 Loom
14:36 Feudal Age
15:22 Double-Bit Axe
22:33 Castle Age
21:23 Fletching
21:50 Forging
21:41 Padded Archer Armor
21:39 Gold Mining
21:46 Stone Mining
23:28 Bow Saw
25:50 Fortified Wall
27:01 Iron Casting
28:18 Gold Shaft Mining
27:28 Horse Collar
27:58 Town Watch
29:04 Bodkin Arrow
30:06 Wheelbarrow
29:17 Town Watch
34:50 Imperial Age
33:02 Murder Holes
36:31 Two-Man Saw
34:54 Elite Longbowman
37:35 Chemistry
36:15 Pikeman
36:56 Squires
38:08 Blast Furnace
Mr BIG
11:08 Feudal Age
11:49 Double-Bit Axe
16:04 Castle Age
14:53 Horse Collar
15:04 Gold Mining
15:07 Stone Mining
17:13 Bow Saw
20:13 Loom
24:51 Wheelbarrow
25:00 Heavy Plow
26:12 Scale Barding Armor
26:37 Detinets
27:22 Forging
28:17 Hand Cart
29:33 Chain Barding Armor
30:06 Iron Casting
34:00 Imperial Age
32:49 Bloodlines
32:40 Husbandry
34:21 Elite Boyar
35:38 Plate Barding Armor
35:44 Conscription
36:14 Druzhina
36:26 Druzhina
40:36 Blast Furnace
40:15 Ballistics
40:08 Fletching
41:58 Chemistry
invi
1:06 Loom
11:22 Feudal Age
15:19 Castle Age
13:09 Horse Collar
13:57 Double-Bit Axe
The Pragmatist
10:25 Feudal Age
13:37 Castle Age
12:07 Double-Bit Axe
14:38 Bow Saw
17:46 Wheelbarrow
19:16 Loom
21:58 Stone Mining
21:52 Horse Collar
26:36 Gold Mining
29:57 Imperial Age
29:26 Heavy Plow
30:01 Hand Cart
30:36 Heavy Scorpion
32:17 Conscription
33:18 Chemistry
33:04 Ballistics
34:42 Fletching
36:25 Double Crossbow
36:16 Elite Ballista Elephant
Connection lost

Rejoining the realm…

Still unreachable

The connection could not be restored.

Session expired

The server has moved on; the page needs a fresh start.